General information
- name: BNet
- type: Ladder team game (AT/RT)
- host: Battle.net
- saver: BEAR_AND
map: Cherryville
- players: 8
- length: 16:17
- speed: Fast
- version: 1.28 W3XP
- replay type:

» download(204 KB)
Players
team 1 (loser)
kyenichi (
green | 91 APM | 1487 actions | 16:17)
4 Warden
2 Fan of Knives
2 Blink
1 Keeper of the Grove
1 Entangling Roots
» actions
| Assign group hotkey | 22 | |
| Basic commands | 23 | |
| Build / train | 78 | |
| ESC pressed | 6 | |
| Enter build submenu | 30 | |
| Enter hero's abilities submenu | 5 | |
| Give item / drop item | 5 | |
| Right click | 568 | |
| Select / deselect | 426 | |
| Select group hotkey | 260 | |
| Use ability | 64 | |
1487 total
» units
| Wisp | 29 | |
| Huntress | 2 | |
| Hippogryph | 8 | |
| Druid of the Talon | 9 | |
| Chimaera | 6 | |
54 total
» upgrades
| Ultravision | 1 | |
| Strength of the Wild | 3 | |
| Reinforced Hides | 3 | |
| Druid of the Talon Training | 2 | |
| Mark of the Talon | 1 | |
| Corrosive Breath | 1 | |
11 total
» buildings
| Altar of Elders | 1 | |
| Moon Well | 8 | |
| Ancient of War | 1 | |
| Ancient of Wonders | 2 | |
| Hunter's Hall | 1 | |
| Tree of Life | 1 | |
| Ancient Protector | 6 | |
| Tree of Ages | 1 | |
| Tree of Eternity | 1 | |
| Ancient of Wind | 2 | |
| Chimaera Roost | 3 | |
27 total
» build order
00:22 Altar of Elders
00:36 Moon Well
01:03 Ancient of War
01:41 Moon Well
01:54 Ancient of Wonders
01:57 Ancient of Wonders
02:39 Hunter's Hall
03:23 Tree of Life
03:41 Ancient Protector
03:52 Ancient Protector
04:10 Ancient Protector
04:27 Ancient Protector
05:15 Tree of Ages
05:34 Ancient Protector
07:39 Tree of Eternity
07:50 Ancient of Wind
07:51 Ancient of Wind
08:02 Ancient Protector
08:08 Moon Well
09:49 Moon Well
10:06 Chimaera Roost
10:07 Chimaera Roost
10:07 Chimaera Roost
10:12 Moon Well
11:04 Moon Well
12:47 Moon Well
12:47 Moon Well
» items
| Staff of Preservation | 1 | |
| Potion of Healing | 1 | |
| Dust of Appearance | 1 | |
| Moonstone | 1 | |
4 total
zzeuss (
purple | 92 APM | 1496 actions | 16:17)
4 Paladin
1 Divine Shield
2 Holy Light
1 Devotion Aura
» actions
| Assign group hotkey | 36 | |
| Basic commands | 213 | |
| Build / train | 86 | |
| Enter build submenu | 31 | |
| Enter hero's abilities submenu | 4 | |
| Remove unit from queue | 4 | |
| Right click | 437 | |
| Select / deselect | 176 | |
| Select group hotkey | 472 | |
| Use ability | 37 | |
1496 total
» units
| Peasant | 17 | |
| Footman | 5 | |
| Priest | 9 | |
| Rifleman | 4 | |
| Sorceress | 4 | |
39 total
» upgrades
| Gunpowder | 1 | |
| Masonry | 2 | |
| Priest Training | 1 | |
| Long Rifles | 1 | |
| Backpack | 1 | |
| Sorceress Training | 1 | |
| Armor | 1 | |
| Lumber Harvesting | 1 | |
| Swords | 1 | |
| Plating | 1 | |
11 total
» buildings
| Farm | 12 | |
| Scout Tower | 9 | |
| Lumber Mill | 1 | |
| Keep | 1 | |
| Altar of Kings | 1 | |
| Barracks | 1 | |
| Blacksmith | 2 | |
| Arcane Sanctum | 2 | |
| Arcane Vault | 1 | |
| Guard Tower | 19 | |
| Arcane Tower | 3 | |
52 total
» build order
00:24 Farm
00:26 Scout Tower
00:32 Lumber Mill
01:59 Keep
02:07 Altar of Kings
02:15 Scout Tower
02:34 Farm
03:14 Farm
03:17 Farm
03:41 Farm
03:54 Barracks
03:59 Scout Tower
04:01 Scout Tower
04:23 Blacksmith
04:31 Arcane Sanctum
04:42 Farm
04:50 Farm
05:09 Blacksmith
05:17 Scout Tower
05:19 Scout Tower
05:22 Scout Tower
05:24 Scout Tower
06:24 Farm
06:25 Farm
07:42 Arcane Vault
08:20 Arcane Sanctum
08:57 Guard Tower
08:57 Guard Tower
08:57 Guard Tower
09:32 Guard Tower
09:50 Guard Tower
09:51 Guard Tower
09:51 Guard Tower
11:15 Guard Tower
11:15 Guard Tower
11:16 Guard Tower
12:17 Farm
12:18 Farm
12:20 Farm
12:23 Scout Tower
13:09 Guard Tower
13:11 Arcane Tower
13:11 Arcane Tower
IItte (
yellow | 104 APM | 1687 actions | 16:17)
4 Demon Hunter
2 Evasion
2 Mana Burn
3 Keeper of the Grove
2 Entangling Roots
1 Thorns Aura
» actions
| Assign group hotkey | 13 | |
| Basic commands | 389 | |
| Build / train | 73 | |
| Enter build submenu | 19 | |
| Enter hero's abilities submenu | 7 | |
| Give item / drop item | 8 | |
| Right click | 624 | |
| Select / deselect | 282 | |
| Select group hotkey | 206 | |
| Use ability | 66 | |
1687 total
» units
| Wisp | 22 | |
| Archer | 4 | |
| Dryad | 1 | |
| Druid of the Claw | 3 | |
| Mountain Giant | 1 | |
31 total
» upgrades
| Ultravision | 1 | |
| Improved Bows | 1 | |
| Abolish Magic | 1 | |
| Druid of the Claw Training | 2 | |
| Strength of the Wild | 3 | |
| Reinforced Hides | 4 | |
| Nature's Blessing | 1 | |
| Mark of the Claw | 1 | |
| Hardened Skin | 1 | |
| Resistant Skin | 1 | |
16 total
» buildings
| Altar of Elders | 1 | |
| Moon Well | 6 | |
| Ancient of War | 1 | |
| Tree of Ages | 1 | |
| Hunter's Hall | 1 | |
| Ancient of Wonders | 1 | |
| Ancient of Lore | 2 | |
| Tree of Eternity | 2 | |
| Ancient Protector | 1 | |
| Tree of Life | 1 | |
17 total
» build order
00:12 Altar of Elders
00:20 Moon Well
00:36 Ancient of War
01:36 Moon Well
01:58 Moon Well
03:12 Tree of Ages
03:25 Moon Well
03:56 Hunter's Hall
04:19 Ancient of Wonders
05:38 Ancient of Lore
05:40 Ancient of Lore
06:34 Tree of Eternity
08:01 Moon Well
10:06 Ancient Protector
13:51 Tree of Life
14:37 Moon Well
» items
| Staff of Preservation | 1 | |
| Potion of Healing | 1 | |
| Scroll of Healing | 1 | |
| Potion of Lesser Invulnerability | 1 | |
| Orb of Venom | 1 | |
5 total
ThWhaleSwims (
orange | 124 APM | 2012 actions | 16:17)
5 Archmage
3 Summon Water Elemental
2 Brilliance Aura
3 Mountain King
2 Storm Bolt
1 Bash
» actions
| Assign group hotkey | 131 | |
| Basic commands | 62 | |
| Build / train | 86 | |
| Enter build submenu | 34 | |
| Enter hero's abilities submenu | 8 | |
| Give item / drop item | 5 | |
| Right click | 740 | |
| Select / deselect | 247 | |
| Select group hotkey | 578 | |
| Use ability | 121 | |
2012 total
» units
| Peasant | 12 | |
| Footman | 5 | |
| Goblin Shredder | 3 | |
| Goblin Zeppelin | 2 | |
| Gryphon Rider | 6 | |
| Dragonhawk Rider | 1 | |
29 total
» upgrades
| Gunpowder | 1 | |
| Lumber Harvesting | 2 | |
| Swords | 2 | |
| Animal War Training | 1 | |
| Masonry | 2 | |
| Armor | 1 | |
| Storm Hammers | 1 | |
10 total
» buildings
| Altar of Kings | 1 | |
| Barracks | 1 | |
| Farm | 14 | |
| Lumber Mill | 1 | |
| Town Hall | 1 | |
| Scout Tower | 9 | |
| Arcane Vault | 1 | |
| Keep | 2 | |
| Guard Tower | 12 | |
| Blacksmith | 1 | |
| Castle | 3 | |
| Gryphon Aviary | 2 | |
48 total
» build order
00:51 Altar of Kings
00:53 Barracks
00:54 Farm
01:03 Farm
01:08 Farm
01:34 Lumber Mill
02:19 Farm
03:46 Town Hall
03:55 Scout Tower
03:55 Scout Tower
03:56 Scout Tower
03:57 Scout Tower
04:10 Arcane Vault
04:49 Keep
04:49 Keep
05:03 Guard Tower
05:03 Guard Tower
05:35 Blacksmith
05:48 Guard Tower
05:48 Guard Tower
05:52 Scout Tower
05:52 Scout Tower
05:58 Scout Tower
06:42 Guard Tower
06:42 Guard Tower
07:14 Scout Tower
07:15 Scout Tower
07:51 Guard Tower
07:51 Guard Tower
07:51 Guard Tower
07:52 Guard Tower
07:52 Guard Tower
07:52 Guard Tower
08:46 Castle
08:46 Castle
08:46 Castle
09:26 Gryphon Aviary
10:14 Gryphon Aviary
11:55 Farm
12:00 Farm
12:44 Farm
12:46 Farm
14:33 Farm
14:35 Farm
14:37 Farm
14:38 Farm
15:19 Farm
15:21 Farm
» items
| Scroll of Regeneration | 3 | |
| Periapt of Vitality | 1 | |
| Scroll of Town Portal | 1 | |
| Mechanical Critter | 3 | |
| Boots of Speed | 3 | |
11 total
team 2 (winner)
Jewhaus (
blue | 91 APM | 1009 actions | 11:05)
3 Blademaster
2 Wind Walk
1 Critical Strike
1 Shadow Hunter
1 Hex
» actions
| Assign group hotkey | 6 | |
| Build / train | 50 | |
| ESC pressed | 4 | |
| Enter build submenu | 17 | |
| Enter hero's abilities submenu | 4 | |
| Right click | 693 | |
| Select / deselect | 144 | |
| Select group hotkey | 22 | |
| Use ability | 69 | |
1009 total
» units
| Peon | 8 | |
| Grunt | 8 | |
| Raider | 2 | |
| Spirit Walker | 2 | |
20 total
» upgrades
| Melee Weapons | 1 | |
| Berserker Strength | 1 | |
| Armor | 1 | |
| Ensnare | 1 | |
4 total
» buildings
| Altar of Storms | 1 | |
| Orc Burrow | 6 | |
| Barracks | 1 | |
| Voodoo Lounge | 1 | |
| War Mill | 2 | |
| Stronghold | 3 | |
| Beastiary | 1 | |
| Spirit Lodge | 1 | |
| Great Hall | 1 | |
| Watch Tower | 2 | |
19 total
» build order
00:18 Altar of Storms
00:34 Orc Burrow
00:49 Barracks
01:41 Orc Burrow
01:55 Voodoo Lounge
02:20 War Mill
02:23 War Mill
03:21 Stronghold
03:21 Stronghold
03:22 Stronghold
04:13 Orc Burrow
04:47 Orc Burrow
06:19 Beastiary
07:14 Spirit Lodge
08:22 Great Hall
08:24 Watch Tower
08:46 Orc Burrow
08:53 Orc Burrow
09:49 Watch Tower
» items
| Healing Salve | 6 | |
| Lesser Clarity Potion | 2 | |
| Scroll of Town Portal | 1 | |
| Potion of Mana | 1 | |
10 total

»
Romeo (
teal | 134 APM | 1688 actions | 12:35)
3 Death Knight
2 Death Coil
1 Unholy Aura
1 Lich
1 Frost Nova
1 Dreadlord
1 Sleep
» actions
| Assign group hotkey | 15 | |
| Basic commands | 2 | |
| Build / train | 40 | |
| ESC pressed | 2 | |
| Enter build submenu | 16 | |
| Enter hero's abilities submenu | 5 | |
| Give item / drop item | 2 | |
| Right click | 638 | |
| Select / deselect | 354 | |
| Select group hotkey | 579 | |
| Use ability | 35 | |
1688 total
» units
| Acolyte | 8 | |
| Ghoul | 3 | |
| Crypt Fiend | 10 | |
| Wind Rider | 1 | |
22 total
» upgrades
» buildings
| Altar of Darkness | 1 | |
| Ziggurat | 7 | |
| Crypt | 1 | |
| Graveyard | 1 | |
| Halls of the Dead | 1 | |
| Black Citadel | 1 | |
| Spirit Tower | 4 | |
| Sacrificial Pit | 1 | |
| Fortress | 1 | |
18 total
» build order
00:20 Altar of Darkness
00:23 Ziggurat
00:38 Crypt
00:57 Graveyard
01:35 Ziggurat
03:03 Ziggurat
03:33 Halls of the Dead
04:15 Ziggurat
06:08 Ziggurat
07:21 Black Citadel
07:21 Spirit Tower
08:59 Spirit Tower
08:59 Spirit Tower
09:00 Spirit Tower
09:53 Ziggurat
09:55 Ziggurat
11:39 Sacrificial Pit
11:51 Fortress
NigsArentHuman (
pink | 56 APM | 914 actions | 16:17)
3 Blademaster
2 Wind Walk
1 Critical Strike
» actions
| Assign group hotkey | 135 | |
| Basic commands | 38 | |
| Build / train | 21 | |
| Enter build submenu | 8 | |
| Enter hero's abilities submenu | 4 | |
| Give item / drop item | 2 | |
| Remove unit from queue | 1 | |
| Right click | 526 | |
| Select / deselect | 117 | |
| Select group hotkey | 30 | |
| Use ability | 32 | |
914 total
» units
» buildings
| Orc Burrow | 3 | |
| Altar of Storms | 1 | |
| Barracks | 1 | |
| Voodoo Lounge | 1 | |
| Stronghold | 1 | |
| War Mill | 1 | |
| Great Hall | 1 | |
9 total
» build order
00:15 Orc Burrow
01:01 Orc Burrow
01:03 Altar of Storms
01:05 Barracks
02:01 Voodoo Lounge
02:49 Stronghold
04:19 War Mill
04:21 Orc Burrow
05:30 Great Hall
» items
| Healing Salve | 1 | |
| Boots of Speed | 1 | |
| Staff of Teleportation | 1 | |
3 total
BEAR_AND (
red | 73 APM | 1183 actions | 16:17)
1 Death Knight
1 Death Coil
» actions
| Assign group hotkey | 9 | |
| Basic commands | 63 | |
| Build / train | 24 | |
| Enter build submenu | 12 | |
| Enter hero's abilities submenu | 1 | |
| Remove unit from queue | 1 | |
| Right click | 750 | |
| Select / deselect | 218 | |
| Select group hotkey | 89 | |
| Use ability | 16 | |
1183 total
» units
» buildings
| Altar of Darkness | 1 | |
| Ziggurat | 5 | |
| Crypt | 2 | |
| Nerubian Tower | 1 | |
9 total
» build order
00:15 Altar of Darkness
00:19 Ziggurat
00:21 Ziggurat
00:39 Crypt
00:57 Crypt
01:32 Nerubian Tower
01:48 Ziggurat
02:38 Ziggurat
04:45 Ziggurat
Chat log
(00:10 / All) BEAR_AND: popppooooooh that 100ms
(00:11 / Allies) Jewhaus: melee
(00:11 / Allies) Jewhaus: <
(00:51 / All) BEAR_AND: it's very good. tome
(01:08 / Allies) Jewhaus: units??
(01:09 / Allies) Jewhaus: all?
(01:11 / Allies) BEAR_AND: yep
(01:16 / Allies) Jewhaus: which ones
(01:18 / Allies) BEAR_AND: ud
(01:27 / Allies) Jewhaus: fiends?
(01:28 / Allies) Jewhaus: destroyers?
(01:29 / Allies) Jewhaus: wyrms?
(01:30 / Allies) BEAR_AND: friends
(01:34 / Allies) Jewhaus: fiends?
(01:40 / Allies) BEAR_AND: friends
(01:49 / Allies) NigsArentHuman: drug fiends
(01:55 / Allies) NigsArentHuman: I got peons
(02:07 / Allies) Jewhaus: grunt/raider/spirit walkers
(02:09 / Allies) Jewhaus: BM
(02:13 / Allies) Jewhaus: then hex with sh
(03:12 / Allies) Jewhaus: whos aa
(03:14 / Allies) Jewhaus: ?
(03:20 / Allies) NigsArentHuman: wyvs/bats
(03:25 / Allies) Jewhaus: kk
(03:59 / Allies) Jewhaus: nvm
(04:33 / Allies) BEAR_AND: sry pink. i backstab nazis
(04:50 / All) NigsArentHuman: lko.,
(04:51 / All) NigsArentHuman: lol
(05:03 / All) NigsArentHuman: red offended by my username
(05:13 / Allies) Romeo: can i take pink base?
(05:15 / All) BEAR_AND: i backstab nazis. no hard feelings
(05:17 / Allies) BEAR_AND: sure
(05:24 / All) ThWhaleSwims: highper.ch for the best teamkilling replays
(05:24 / Allies) Romeo: you still playing after you kill piink?
(05:27 / All) BEAR_AND: u got it
(05:33 / Allies) BEAR_AND: not really
(05:57 / All) NigsArentHuman: I guess I should have figured since he didn't even creep
(06:08 / All) BEAR_AND: i made 40 food ghouls with 5apm lol
(06:39 / Allies) Jewhaus: u good?
(06:42 / Allies) Jewhaus: i come
(06:43 / Allies) Romeo: help him
(06:43 / All) NigsArentHuman: niggers = homo erectus
(06:44 / Allies) Jewhaus: i come
(07:15 / All) NigsArentHuman: this faggot bear and deletes replays with "rape" in it
(07:21 / All) ThWhaleSwims: lol
(07:27 / All) BEAR_AND: my website my rules
(07:30 / All) NigsArentHuman: I did not consent to this
(07:41 / Allies) Jewhaus: gold pls
(07:42 / Allies) Jewhaus: for tp
(07:48 / Allies) Jewhaus: ty
(08:43 / Allies) Romeo: pink
(08:45 / Allies) BEAR_AND: lol
(09:14 / All) BEAR_AND: anyone done any sweet trickshots with 100ms yet
(09:26 / Allies) BEAR_AND: zepstaffing's gonna have a renaissance
(09:29 / All) BEAR_AND: z
(09:37 / Allies) Jewhaus: GUYS
(09:37 / Allies) Jewhaus: WTF
(09:49 / Allies) Romeo: pink tkd too
(09:53 / All) NigsArentHuman: no shit lol
(09:57 / Allies) Romeo: no chance to win
(09:58 / All) NigsArentHuman: you asked if you could have my expo
(10:01 / All) NigsArentHuman: my mine
(10:05 / All) NigsArentHuman: and didn't offer assitance
(10:08 / All) BEAR_AND: my mine by right of battle
(10:10 / All) NigsArentHuman: You deal with terrorists
(10:13 / All) NigsArentHuman: Makes you a terrorist
(10:23 / All) NigsArentHuman: By right of subterfuge
(10:27 / All) NigsArentHuman: Dirty bastard
(10:35 / All) BEAR_AND: right by might
(10:40 / All) NigsArentHuman: red is a terrorist and a mudslime sympathizer
(10:48 / All) BEAR_AND: want 2 arm wrestle?
(11:02 / All) BEAR_AND: meet in game "armwrestle" i'll host. Armwrestle My Peon 1.02.w3x
(11:02 / All) NigsArentHuman: you strapped with dynamite?
(11:54 / All) Romeo: what a fun game lol
(12:03 / All) NigsArentHuman: my username before this was "ProudBlackWoman"
(12:05 / All) BEAR_AND: sry i just had to try out new latency
(12:18 / All) NigsArentHuman: Too bad I didn't have that this game
(12:27 / All) NigsArentHuman: Bear and threw hissy fit with this one
(12:45 / All) BEAR_AND: hey man if i'm gonna backstab and one person's a nazi, you're gettin the TP
(13:52 / All) BEAR_AND: help im being killed
(14:01 / All) BEAR_AND: haha nice
(14:27 / All) NigsArentHuman: raped
(14:38 / All) BEAR_AND: i was killed
(14:51 / All) NigsArentHuman: you hit the dirt with a dick in ur ass, runner
(14:52 / All) BEAR_AND: lol blue's expo
(14:57 / All) BEAR_AND: is so fucking far
(14:59 / All) BEAR_AND: from the mine
(15:03 / All) BEAR_AND: you'll see in a sec. south of his main
(15:22 / All) NigsArentHuman: he wanted help to creep orange on right edge of map
(15:25 / All) NigsArentHuman: between the greens
(16:08 / All) BEAR_AND: good game every one. it was nice to play against all of you